cohdb
Replays
Latest Replays
All Replays
Popular Replays
Top Player Replays
Match Explorer
How It Works
Community
CoH3 Stats
Reddit
Sign in to upload your games and track your stats! →
Sign in with Steam
Match 39221641
Unlisted
Match 39221641
Overview
Messages
Build Orders
End
Kradschützen Motorcycle Team
Selects Italian Combined Arms Battlegroup
Selects Bersaglieri Squad
Bersaglieri Squad
Bersaglieri Squad
Construct Light Support Kompanie
Bersaglieri Squad
Selects Bersaglieri Bolster
2.5-tonne Medical Truck
Construct Mechanized Kompanie
Panzerjäger Mechanized Group
Selects Breda Model 30 Light Machine Guns
8 Rad Armored Car
Vehicle Survival Package
Construct Panzerarmee Kommand
Panzerjäger Squad
Selects Semovente da 75/18 Assault Gun
Selects Strafing Run
Strafing Run
MG34 Team
Emergency Repair Kits
Panzer III L Medium Tank
Selects Artillery Cover
Walking Stuka Rocket Launcher
BigTiddyLebron
kreumat
BIOHAZARD
[LoB]Fagio
0
0
Comments
sign in to comment!
No comments posted yet!